 Dungeon Crawl Stone Soup version 0.30-a0-339-g89bb51ec76 (webtiles) character file.

Game seed: 1743094686283287667

1115 Lanoc the Frost Mage (level 8, -6/49 (52) HPs)
             Began as a Vampire Ice Elementalist on Oct 31, 2022.
             Was a Priest of Ru.
             Mangled by a wight
             ... wielding a +0 great sword
              (16 damage)
             ... on level 7 of the Dungeon on Nov 1, 2022.
             The game lasted 00:14:34 (6218 turns).

Lanoc the Frost Mage (Vampire Ice Elementalist)     Turns: 6218, Time: 00:14:35

HP:   -6/49 (52)    AC:  6    Str:  7    XL:     8   Next: 12%
MP:   7/13          EV: 16    Int: 19    God:    Ru [***...]
Gold: 288           SH:  0    Dex: 21    Spells: 4/14 levels left

rFire   . . .      SeeInvis +    y - staff of earth
rCold   . . .      Faith    .    (no shield)
rNeg    . . .      Spirit   .    a - +0 robe
rPois   .          Reflect  .    x - +2 hat {Will+}
rElec   .          Harm     .    r - +1 cloak
rCorr   .          Rampage  .    (no gloves)
Will    +....                    (no boots)
Stlth   +++.......               (no amulet)
HPRegen 0.48/turn                t - +6 ring of dexterity
MPRegen 0.13/turn                (no ring)

@: brilliant, healing quickly, drained
A: alive, fangs 3, see invisible, hated by all, inability to train armour,
vampiric 2
a: Exsanguinate, Renounce Religion, Draw Out Power


You were on level 7 of the Dungeon.
You worshipped Ru.
Ru was most pleased with you.
You visited 2 branches of the dungeon, and saw 8 of its levels.

You collected 288 gold pieces.

Inventory:

Missiles
 o - 3 curare-tipped darts
Armour
 a - a +0 robe (worn)
 r - a +1 cloak (worn)
 x - a +2 hat of willpower (worn)
Magical Staves
 y - a staff of earth (weapon)
Jewellery
 p - a ring of fire
 t - a +6 ring of dexterity (left hand)
Wands
 k - a wand of paralysis (18)
 v - a wand of iceblast (27)
Scrolls
 c - 4 scrolls of teleportation
 e - 2 scrolls of enchant armour
 f - 7 scrolls of identify
 g - a scroll of enchant weapon
 h - 3 scrolls of blinking
Potions
 b - a potion of magic
 d - a potion of curing {unknown}
 i - a potion of heal wounds {unknown}
 l - a potion of cancellation {unknown}
 m - a potion of invisibility {unknown}
 n - 3 potions of brilliance
 s - 3 potions of mutation {unknown}
 z - a potion of lignification


   Skills:
 + Level 6.0 Dodging
 - Level 3.3 Stealth
 + Level 3.5 Spellcasting
 * Level 8.3 Ice Magic


You had 4 spell levels left.
You knew the following spells:

 Your Spells              Type           Power      Damage    Failure   Level
a - Freeze                Ice            100%       1d10      1%          1
b - Frozen Ramparts       Ice            100%       1d16      1%          3
c - Ozocubu's Armour      Ice            52%        N/A       1%          3
d - Hailstorm             Conj/Ice       28%        3d8       8%          3

Your spell library contained the following spells:

 Spells                   Type           Power      Damage    Failure   Level
 Magic Dart               Conj           20%        1d4       14%         1
 Sublimation of Blood     Necr           5%         N/A       22%         2
 Mephitic Cloud           Conj/Pois/Air  5%         N/A       41%         3
 Petrify                  Tmut/Erth      7%         N/A       82%         4
 Alistair's Intoxication  Tmut/Pois      3%         N/A       99%         5
 Borgnjor's Vile Clutch   Necr/Erth      3%         N/A       99%         5
 Irradiate                Conj/Tmut      2%         3d12      99%         5
 Eringya's Noxious Bog    Tmut/Pois      2%         N/A       100%        6
 Storm Form               Tmut/Air       2%         N/A       100%        7
 Maxwell's Capacitive Co  Air            2%         ∞         100%        8
 Call Imp                 Summ           Unusable   N/A       N/A         2
 Summon Ice Beast         Ice/Summ       Unusable   N/A       N/A         4
 Summon Lightning Spire   Summ/Air       Unusable   N/A       N/A         4

Dungeon Overview and Level Annotations

Branches:
Dungeon (7/15)             Temple (1/1) D:4

Altars:
Nemelex Xobeh
Qazlal
Ru
Vehumet


Innate Abilities, Weirdness & Mutations

Your natural rate of healing is accelerated.
You have razor-sharp teeth.
You have supernaturally acute eyesight. (SInv)
You are hated by all.
You cannot train Armour skill.
You are afflicted with vampirism and can become a bat while bloodless.


Message History

You hear the slow hiss of a very distant avalanche of sand.
The wight attacks as you move away! The wight closely misses you.
The wight attacks as you move away!
The wight is stunned by your conviction and fails to attack.
Found a club.
Found a stone staircase leading up.
A water moccasin comes into view.
Found a stone staircase leading up.
The wight attacks as you move away!
The wight hits you with a +3 long sword of freezing!
You feel drained. The wight freezes you.
You focus your inner power and illuminate the wight in retribution!
You hit the wight but do no damage. You bite the wight.
The wight is severely damaged.
The wight stops glowing.
The wight completely misses you.
The wight hits you with a +3 long sword of freezing!
The wight freezes you.
* * * LOW HITPOINT WARNING * * *
It was a potion of brilliance.
You feel clever all of a sudden. The wight misses you.
The wight attacks as you move away! The wight misses you.
The wight attacks as you move away! The wight closely misses you.
Found 4 stones.
The wight hits you with a +0 hand axe.
* * * LOW HITPOINT WARNING * * *
You feel drained.
* * * LOW HITPOINT WARNING * * *
Casting: Freeze (safe; 1% risk of failure)
Confirm with . or Enter, or press ? or * to list all spells.
Casting: Hailstorm (dangerous; 8% risk of failure)
Press: ? - help, Dir - look around, f - activate You feel a surge of power!
A cannonade of hail descends around you!
The hail pelts the wight.
The wight partially resists.
The wight is moderately damaged.
The wight hits you with a +0 hand axe.
* * * LOW HITPOINT WARNING * * *
You focus your inner power and blind the wight in retribution!
The wight attacks as you move away!
The wight hits you with a +0 great sword!
You die...

##...##.......#
#...##.......#
#...########+#
##............#
#.............#
#.............#
#...........<.#
##.####zz######
#. #z@# ..
#(........# ..
#.........#
#.........#
#.........#
#.........#
#.........#
#.........#


You could see 3 wights.

Vanquished Creatures
  2 water moccasins
  A centaur (D:6)
  A kobold brigand (D:7)
  3 scorpions
  2 hounds
  4 orc priests
  3 jellies
  An iguana (D:5)
  Terence (D:3)
  2 orc wizards
  3 gnolls (D:5)
  7 adders
  5 worms
  2 dart slugs (D:4)
  11 orcs
  6 endoplasms
  5 giant cockroaches
  8 goblins
  4 hobgoblins
  7 jackals
  10 kobolds
  2 quokkas (D:1)
  4 ball pythons
  3 bats
  8 frilled lizards
  10 rats
115 creatures vanquished.

Notes
Turn   | Place    | Note
-------+----------+-------------------------------------------
     0 | D:1      | Lanoc the Vampire Ice Elementalist began the quest for the
                  | Orb.
     0 | D:1      | Reached XP level 1. HP: 13/13 MP: 3/3
    36 | D:1      | You fall into a shaft and drop 1 floor!
   117 | D:1      | Found a faded altar of an unknown god.
   177 | D:1      | Reached XP level 2. HP: 18/19 MP: 1/5
   185 | D:1      | Prayed at the altar of an unknown god.
   185 | D:1      | Became a worshipper of Ru the Awakened
   192 | D:1      | Gained mutation: You cannot train Armour skill. [Ru
                  | sacrifice]
   192 | D:1      | Reached * piety under Ru
   948 | D:2      | Gained mutation: You are afflicted with vampirism and can
                  | become a bat while bloodless. [Vampire growth]
   948 | D:2      | Reached XP level 3. HP: 24/24 MP: 1/6
   959 | D:2      | Learned a level 3 spell: Frozen Ramparts
  1589 | D:3      | Noticed Terence
  1596 | D:3      | Killed Terence
  1597 | D:3      | Reached skill level 5 in Ice Magic
  1597 | D:3      | Reached XP level 4. HP: 21/30 MP: 1/7
  2595 | D:3      | Found a faded altar of an unknown god.
  2604 | D:3      | Found a sacrificial altar of Ru.
  2807 | D:4      | Reached XP level 5. HP: 34/35 MP: 4/8
  2811 | D:4      | Learned a level 3 spell: Ozocubu's Armour
  2811 | D:4      | Gained mutation: You are hated by all. [Ru sacrifice]
  2811 | D:4      | Reached ** piety under Ru
  2811 | D:4      | Reached *** piety under Ru
  2870 | D:4      | Found a staircase to the Ecumenical Temple.
  2875 | Temple   | Entered the Ecumenical Temple
  3179 | D:4      | Reached skill level 6 in Ice Magic
  3247 | D:4      | Noticed an ice beast
  3274 | D:5      | Entered Level 5 of the Dungeon
  3408 | D:5      | Noticed an ice beast
  3584 | D:5      | Reached XP level 6. HP: 17/36 MP: 5/9
  3694 | D:5      | Noticed a water moccasin
  3697 | D:5      | Killed a water moccasin
  3901 | D:4      | Reached skill level 7 in Ice Magic
  4058 | D:5      | Reached skill level 5 in Dodging
  4058 | D:5      | Reached XP level 7. HP: 41/41 MP: 6/10
  4696 | D:5      | Learned a level 3 spell: Hailstorm
  5361 | D:6      | Found a sparkling altar of Nemelex Xobeh.
  5501 | D:6      | Reached skill level 8 in Ice Magic
  5650 | D:6      | Found a radiant altar of Vehumet.
  5961 | D:6      | Reached XP level 8. HP: 52/52 MP: 6/13
  6105 | D:7      | Found a stormy altar of Qazlal.
  6218 | D:7      | Mangled by a wight

Illustrated notes

Levels and vault maps discovered:
D:1:      evilmike_arrival_fibonacci_small, layout_basic,
          hellmonk_ecumenical_altar_pennies_from_heaven, minmay_misc_feat_cross
D:2:      layout_rooms, minmay_strange_pillars
D:3:      layout_basic, nicolae_overflow_ecumenical_swirl, nicolae_wormholes,
          uniq_terence
D:4:      layout_layer_cave, temple_statues
D:5:      layout_loops_corners, chequers_serial_rivers_large_a
D:6:      layout_loops_cross, overflow_temple_1_default, lemuel_doored_altar
D:7:      layout_gridville, mainiacjoe_overflow_alcove_2,
          nicolae_qazlal_general_emergency, okawaru_trees_1, enter_ossuary_5,
          uniq_pikel
Temple:   jpeg_temple_island

Skill      XL: |  1  2  3  4  5  6  7  8 |
---------------+-------------------------+-----
Dodging        | 3 4 5 6 |  6.0
Ice Magic      | 5 6 7 8 |  8.3
Spellcasting   | 3 |  3.5
Stealth        | |  3.3

Action                   |  1- 3 |  4- 6 |  7- 9 || total
-------------------------+-------+-------+-------++-------
Melee: Unarmed           |    42 |    37 |    30 ||   109
       Bite              |     5 |    10 |     6 ||    21
       Punch             |       |     1 |     1 ||     2
       Staff             |       |       |     6 ||     6
 Cast: Freeze            |    49 |    18 |    17 ||    84
       Frozen Ramparts   |     1 |    29 |    19 ||    49
       Ozocubu's Armour  |       |     1 |     3 ||     4
       Hailstorm         |       |       |     1 ||     1
Invok: Sacrifice Durabil |     1 |       |       ||     1
       Sacrifice Love    |       |     1 |       ||     1
       Reject Sacrifices |       |       |     1 ||     1
 Abil: Exsanguinate      |       |     1 |       ||     1
       Revivify          |       |     1 |       ||     1
Evoke: Wand              |       |     2 |       ||     2
  Use: Scroll            |       |       |     9 ||     9
       Potion            |       |       |     1 ||     1
 Stab: Sleeping          |     1 |       |       ||     1
       Paralysed         |       |     8 |       ||     8
       Invisible         |       |       |     2 ||     2
Armor: Robe              |    13 |     2 |    15 ||    30
Dodge: Dodged            |    58 |    32 |    51 ||   141

Table legend: (Time is in decaauts)
 A = Elapsed time spent in this place.
 B = Non-inter-level travel time spent in this place.
 C = Inter-level travel time spent in this place.
 D = Time resting spent in this place.
 E = Time spent auto-exploring this place.
 F = Levels seen in this place.
 G = Mean time per level.
                   A        B        C        D        E       F      G
               +--------+--------+--------+--------+--------+-----+--------+
         Total |   6234 |   6099 |    135 |     14 |   5011 |   8 |  779.2 |
       Dungeon |   6227 |   6092 |    135 |     14 |   5011 |   7 |  889.6 |
        Temple |      7 |      7 |      0 |      0 |      0 |   1 |    7.0 |
               +--------+--------+--------+--------+--------+-----+--------+

Top non-repeatable levels by time:
     D:5: 1350 daAuts
     D:3: 1209 daAuts
     D:4: 1008 daAuts
     D:6: 939 daAuts
     D:2: 859 daAuts
     D:1: 734 daAuts
     D:7: 124 daAuts
  Temple: 7 daAuts
